 Dungeon Crawl Stone Soup version 0.25.1-2-g60ff931df9 (webtiles) character file.

Game seed: 14240703142987555626

29682 hawla the Basher (level 13, -1/119 HPs)
             Began as a Minotaur Berserker on Sept 29, 2020.
             Was a High Priest of Trog.
             Slain by a six-headed hydra (9 damage)
             ... on level 13 of the Dungeon on Sept 30, 2020.
             The game lasted 00:44:23 (15242 turns).

hawla the Basher (Minotaur Berserker)              Turns: 15242, Time: 00:44:23

Health: -1/119     AC: 12    Str: 27    XL:     13   Next: 16%
Magic:  13/13      EV: 16    Int:  4    God:    Trog [*****.]
Gold:   665        SH:  5    Dex: 10    Spells: 12/12 levels left

rFire    . . .     SeeInvis +   k - +8 trident of the Octopus King {venom, rElec rPois MR+}
rCold    . . .     Gourm    .   (no shield)
rNeg     + . .     Faith    .   a - +4 troll leather armour
rPois    +         Spirit   .   (helmet restricted)
rElec    +         Reflect  +   C - +0 cloak
rCorr    .         Harm     .   l - +0 pair of gloves
MR       +++..                  (no boots)
Stlth    +.........             r - amulet of reflection
HPRegen  1.69/turn              i - ring of positive energy
MPRegen  0.13/turn              d - ring of see invisible

@: regenerating, hasted, very quick
A: retaliatory headbutt, horns 2
a: Berserk, Trog's Hand, Brothers in Arms, Renounce Religion


You were on level 13 of the Dungeon.
You worshipped Trog.
Trog was extremely pleased with you.
You were not hungry.

You visited 1 branch of the dungeon, and saw 14 of its levels.

You collected 1020 gold pieces.
You spent 355 gold pieces at shops.

Inventory:

Hand Weapons
 k - the +8 trident of the Octopus King (weapon) {venom, rElec rPois MR+}
   (You found it on level 13 of the Dungeon)

   It poisons the flesh of those it strikes.
   It insulates you from electricity.
   It protects you from poison.
   It affects your resistance to hostile enchantments.
 w - a +1 antimagic hand axe
 y - the +7 great mace of Raoxzeda {vorpal, rElec Int+4 Dex+3}
   (Trog gifted it to you on level 12 of the Dungeon)

   It inflicts extra damage upon your enemies.
   It affects your intelligence (+4).
   It affects your dexterity (+3).
   It insulates you from electricity.
Missiles
 j - 34 poisoned darts
 v - 5 silver javelins
 D - 5 curare-tipped darts
 H - 18 boomerangs (quivered)
Armour
 a - a +4 troll leather armour (worn)
 l - a +0 pair of gloves (worn)
 C - a +0 cloak (worn)
Jewellery
 d - a ring of see invisible (right hand)
 g - an uncursed amulet of regeneration
 i - a ring of positive energy (left hand)
 r - an amulet of reflection (around neck)
 t - an uncursed ring of magical power
 A - an uncursed ring of ice
 B - an uncursed ring of stealth
Wands
 f - a wand of disintegration (16)
 h - a wand of acid (7)
 n - a wand of iceblast (8)
 s - a wand of paralysis (2)
 I - a wand of digging (11)
 K - a wand of flame (10)
Scrolls
 q - 9 scrolls of identify
 L - 2 scrolls of magic mapping
 M - 2 scrolls of enchant weapon
 N - 3 scrolls of remove curse
Potions
 e - 4 potions of cancellation
 o - a potion of magic
 p - 2 potions of degeneration
 u - a potion of ambrosia
 x - a potion of haste
 E - 4 potions of flight {unknown}
 G - a potion of berserk rage {unknown}
Comestibles
 b - a chunk of flesh
 c - 19 rations


   Skills:
 + Level 12.4 Fighting
   Level 1.3 Short Blades
 + Level 8.4(13.2) Axes
 + Level 14.8(15.5) Maces & Flails
 + Level 6.9(8.8) Polearms
 + Level 3.4 Throwing
 + Level 9.8 Armour
 + Level 10.2 Dodging
 + Level 1.9 Evocations


You had 12 spell levels left.
You didn't know any spells.
Your spell library was empty.

Dungeon Overview and Level Annotations

Branches:
Dungeon (14/15)            Temple (0/1) D:7            Lair (0/6) D:11
    Orc (0/2) D:12
 Vaults: D:13-14

Altars:
Fedhas
Nemelex Xobeh
Okawaru
Ru
Sif Muna
Trog
Uskayaw
Vehumet

Shops:
D:10 [*?!   D:11 %   D:13 (


Innate Abilities, Weirdness & Mutations

You reflexively headbutt those who attack you in melee.
You have a pair of horns on your head.


Message History

The six-headed hydra bites you but does no damage.
The six-headed hydra barely misses you.
The six-headed hydra bites you but does no damage.
The six-headed hydra misses you.
The six-headed hydra bites you but does no damage.
The six-headed hydra bites you.
* * * LOW HITPOINT WARNING * * *
Your skin crawls.
You feel resistant to hostile enchantments.
You feel somewhat more hungry.
Your ogre goes berserk!
You feel quite a bit more hungry.
The six-headed hydra barely misses you. x2
The six-headed hydra bites you.
* * * LOW HITPOINT WARNING * * *
The six-headed hydra bites you!
* * * LOW HITPOINT WARNING * * *
The six-headed hydra bites you!
* * * LOW HITPOINT WARNING * * *
The six-headed hydra bites you!
You die...

#################################
.........................<.......
...........................######
########..########..#####..# #
#..# #..# #..# # #..# #..#####..#
########..########.........######
.................D...............
#########.......@..#######.......
#########.....O....# #.......
...................#######.......
.................................
.................................
..........^......########........
.................................
.................................
#.............#########..........


You could see a six-headed hydra (very poisoned) and a friendly ogre (summoned,
berserk).

Vanquished Creatures
  Kirke (D:14)
  2 hydras
  A two-headed ogre (D:12)
  3 death yaks (D:10)
  4 unseen horrors
  3 ugly things
  A cyclops (D:13)
  A manticore (D:12)
  A moth of wrath (D:14)
  Maurice (D:13)
  A gargoyle (D:14)
  2 kobold demonologists
  A komodo dragon (D:13)
  A yaktaur (D:14)
  A demonic crawler (D:14)
  3 trolls
  3 slime creatures (D:12)
  3 hippogriffs
  A hornet (D:8)
  A wraith (D:10)
  33 yaks
  A wyvern (D:8)
  2 shadows
  A vampire (D:12)
  6 hogs (D:14)
  A steam dragon (D:9)
  A hungry ghost (D:11)
  4 vampire mosquitoes (D:12)
  A two-headed ogre zombie (D:12)
  2 swamp worms (D:14)
  A soldier ant (D:8)
  An acid dragon (D:13)
  2 water moccasins
  7 orc warriors
  5 phantoms
  3 black bears
  3 ice beasts
  An eye of draining (D:8)
  A necrophage (D:13)
  3 sky beasts
  7 ogres
  7 centaurs
  A crocodile (D:13)
  3 big kobolds
  9 bullfrogs
  3 wyvern zombies
  A scorpion (D:8)
  4 troll zombies (D:12)
  6 killer bees (D:9)
  4 wights
  A howler monkey (D:13)
  An electric eel (D:14)
  10 crimson imps
  3 centaur zombies
  2 bullfrog zombies (D:8)
  3 jellies
  4 centaur skeletons
  8 hounds
  10 orc priests
  11 orc wizards
  2 bullfrog skeletons
  3 iguanas
  10 worker ants
  3 ogre zombies (D:12)
  A hound skeleton (D:6)
  A hound zombie (D:5)
  A worker ant zombie (D:6)
  11 adders
  5 gnolls
  A shadow imp (D:6)
  3 adder skeletons
  2 dart slugs
  4 worms
  A leopard gecko (D:6)
  52 orcs
  2 ball pythons
  7 giant cockroaches
  4 hobgoblins
  3 jackals
  12 kobolds
  2 quokkas
  5 bats
  7 frilled lizards
  8 goblins
  3 goblin zombies (D:12)
  2 hobgoblin skeletons (D:12)
  3 hobgoblin zombies (D:12)
  6 orc skeletons (D:12)
  11 orc zombies (D:12)
  6 rats
393 creatures vanquished.

Vanquished Creatures (collateral kills)
  A gargoyle (D:11)
  An ogre (D:11)
  A centaur (D:11)
3 creatures vanquished.

Vanquished Creatures (others)
  A human (D:14)
  An orc wizard (D:4)
  A kobold (D:11)
  10 plants (D:14)
13 creatures vanquished.

Grand Total: 409 creatures vanquished

Notes
Turn   | Place    | Note
-------+----------+-------------------------------------------
     0 | D:1      | hawla the Minotaur Berserker began the quest for the Orb.
     0 | D:1      | Reached XP level 1. HP: 19/19 MP: 0/0
   330 | D:1      | Reached XP level 2. HP: 27/27 MP: 1/1
   724 | D:2      | Reached skill level 4 in Maces & Flails
   817 | D:2      | Reached XP level 3. HP: 25/34 MP: 2/2
  1176 | D:2      | Reached ** piety under Trog
  1378 | D:2      | Found a radiant altar of Vehumet.
  1710 | D:2      | Reached XP level 4. HP: 39/41 MP: 3/3
  2264 | D:3      | Reached skill level 5 in Maces & Flails
  2909 | D:4      | Reached skill level 5 in Fighting
  2909 | D:4      | Reached XP level 5. HP: 33/48 MP: 4/4
  3076 | D:4      | Noticed an ogre
  3087 | D:4      | Killed an ogre
  3087 | D:4      | Reached skill level 6 in Maces & Flails
  3281 | D:4      | Reached XP level 6. HP: 52/56 MP: 5/5
  3378 | D:4      | Reached skill level 7 in Maces & Flails
  3385 | D:4      | Reached XP level 7. HP: 21/63 MP: 6/6
  3728 | D:4      | Found a sacrificial altar of Ru.
  4099 | D:5      | Entered Level 5 of the Dungeon
  4122 | D:5      | Reached *** piety under Trog
  4281 | D:5      | Reached skill level 1 in Throwing
  4281 | D:5      | Reached skill level 5 in Dodging
  4290 | D:5      | Reached skill level 8 in Maces & Flails
  4543 | D:5      | Reached XP level 8. HP: 71/71 MP: 7/7
  4852 | D:5      | Reached skill level 1 in Evocations
  5406 | D:6      | Found an iron altar of Okawaru.
  5666 | D:6      | Reached skill level 9 in Maces & Flails
  5958 | D:6      | Reached **** piety under Trog
  6066 | D:6      | Found a hide-covered altar of Uskayaw.
  6188 | D:7      | Reached skill level 10 in Maces & Flails
  6299 | D:7      | You fall into a shaft and drop 3 floors!
  6299 | D:10     | Entered Level 10 of the Dungeon
  6306 | D:10     | Reached XP level 9. HP: 65/79 MP: 8/8
  6350 | D:10     | Reached skill level 1 in Polearms
  6578 | D:7      | Found a staircase to the Ecumenical Temple.
  6710 | D:7      | Found a blossoming altar of Fedhas.
  6793 | D:7      | Found a sparkling altar of Nemelex Xobeh.
  7232 | D:8      | Reached skill level 5 in Armour
  7504 | D:8      | Reached skill level 5 in Polearms
  7607 | D:8      | Found a shimmering blue altar of Sif Muna.
  8247 | D:8      | Found a bloodstained altar of Trog.
  8503 | D:9      | Reached skill level 1 in Axes
  8503 | D:9      | Reached XP level 10. HP: 63/90 MP: 3/9
  9175 | D:9      | Reached skill level 11 in Maces & Flails
  9641 | D:10     | Found Yrghowu's Assorted Antiques.
  9723 | D:10     | Found Xiroamm's Distillery.
  9729 | D:10     | Noticed an unseen horror
  9744 | D:10     | Killed an unseen horror
  9752 | D:10     | Bought a potion of cancellation for 96 gold pieces
  9752 | D:10     | Bought a potion of degeneration for 12 gold pieces
  9752 | D:10     | Bought a potion of heal wounds for 60 gold pieces
  9752 | D:10     | Bought a potion of heal wounds for 60 gold pieces
  9752 | D:10     | Bought a potion of lignification for 36 gold pieces
  9860 | D:10     | Found Iwkeaf's Antique Armour Shoppe.
 10019 | D:9      | Reached ***** piety under Trog
 10301 | D:10     | Found Siek's Magic Scroll Shop.
 10304 | D:10     | Bought a scroll of identify for 28 gold pieces
 10304 | D:10     | Bought a scroll of noise for 14 gold pieces
 10304 | D:10     | Bought a scroll of magic mapping for 49 gold pieces
 10493 | D:11     | Noticed a gargoyle
 10625 | D:11     | Noticed a sixfirhy
 10625 | D:11     | Noticed a death yak
 10625 | D:11     | Noticed a death yak
 10626 | D:11     | Noticed a death yak
 10664 | D:10     | Noticed an unseen horror
 10673 | D:10     | Killed an unseen horror
 10721 | D:10     | Reached XP level 11. HP: 92/99 MP: 3/10
 10726 | D:10     | Reached skill level 5 in Axes
 10844 | D:10     | HP: 3/99 [death yak (16)]
 10849 | D:10     | Killed a death yak
 11055 | D:10     | HP: 2/99 [death yak (22)]
 11059 | D:10     | Killed a death yak
 11059 | D:10     | Reached skill level 10 in Fighting
 11339 | D:10     | Killed a death yak
 11613 | D:11     | Found a staircase to the Lair.
 11623 | D:11     | Noticed an unseen horror
 11640 | D:11     | Reached skill level 1 in Short Blades
 11640 | D:11     | Killed an unseen horror
 11782 | D:11     | Found Focahiul's Food Shop.
 11973 | D:12     | Found a staircase to the Orcish Mines.
 11975 | D:12     | Received a gift from Trog
 12029 | D:12     | Got a jewelled great mace {god gift}
 12030 | D:12     | Identified the +7 great mace of Raoxzeda {vorpal, rElec
                  | Int+4 Dex+3} (Trog gifted it to you on level 12 of the
                  | Dungeon)
 12427 | D:12     | Noticed a four-headed hydra
 12433 | D:12     | Killed a four-headed hydra
 12434 | D:12     | Reached skill level 12 in Maces & Flails
 12509 | D:12     | Reached XP level 12. HP: 88/108 MP: 12/12
 12926 | D:12     | Noticed a two-headed ogre
 12934 | D:12     | Killed a two-headed ogre
 13283 | D:13     | Found Zodenila's Weapon Shoppe.
 13285 | D:13     | Reached skill level 13 in Maces & Flails
 13510 | D:14     | Noticed Kirke
 13531 | D:14     | Killed Kirke
 13623 | D:13     | Reached skill level 14 in Maces & Flails
 13652 | D:13     | Received a gift from Trog
 13721 | D:13     | Got a warped bardiche {god gift}
 13722 | D:13     | Identified the +8 bardiche of Bodily Harmony {flame,
                  | Fragile MR- Str+9 Int+5} (Trog gifted it to you on level 13
                  | of the Dungeon)
 13751 | D:13     | Found the +8 trident of the Octopus King {venom, rElec
                  | rPois MR+}
 13895 | D:13     | Noticed a four-headed hydra
 13898 | D:13     | Killed a three-headed hydra
 13898 | D:13     | Reached skill level 10 in Dodging
 13933 | D:13     | Noticed Maurice
 13944 | D:13     | Paralysed by Maurice for 7 turns
 13957 | D:13     | Killed Maurice
 14760 | D:14     | Reached XP level 13. HP: 80/118 MP: 13/13
 15242 | D:13     | Slain by a six-headed hydra

Illustrated notes

Levels and vault maps discovered:
D:1:      dpeg_arrival_fog, layout_rooms, minmay_misc_feat_diagonals
D:2:      layout_loops_corners, fiery_altar_vehumet, first_ration,
          serial_rivers, chequers_serial_rivers_room_a,
          chequers_serial_rivers_room_a, chequers_serial_rivers_room_b,
          chequers_serial_rivers_large_a, chequers_serial_rivers_room_b,
          chequers_serial_rivers_micro_a, minmay_close_crescents
D:3:      layout_loops_ring
D:4:      lemuel_upstairs_altar, layout_cave_pods, lemuel_round_altar
D:5:      layout_basic, minmay_joined_circles
D:6:      layout_cave_pools, kennysheep_little_box, basic_altar
D:7:      layout_basic, nicolae_overflow_hidden_temple,
          nemelex_xobeh_ov_fountains_minmay, fedhas_altar_1,
          minmay_temple_entry_mini_moons
D:8:      layout_cave_pods, lemuel_round_altar, hangedman_pestilent_swarm,
          trog_eyes_of_draining
D:9:      layout_stronghold, minivault_1
D:10:     layout_cave_pools, serial_shops, kennysheep_mini_moat, shop_coins,
          shop, shop
D:11:     layout_big_octagon, dpeg_lair_monsters, serial_shops, shop
D:12:     layout_cave_pools, zombieorc2_lemuel
D:13:     layout_long_grid, serial_shops, shop, special_room [special_room_orc],
          uniq_maurice
D:14:     layout_basic, grunt_vaults_entry_fortified, serial_bayou,
          serial_bayou_lagoon_a, serial_bayou_pond_e, serial_bayou_pond_c,
          serial_bayou_crossing, worms_lemuel, uniq_kirke

Skill      XL: |  1  2  3  4  5  6  7  8  9 10 11 12 |
---------------+-------------------------------------+-----
Fighting       | 4 5 6 7 8 9 10 12 | 12.4
Maces & Flails | 4 5 6 7 8 10 11 12 14 | 14.8
Dodging        | 3 4 5 6 7 9 10 | 10.2
Throwing       | 1 2 3 |  3.4
Armour         | 3 4 6 9 |  9.8
Evocations     | 1 |  1.9
Polearms       | 5 6 |  6.9
Axes           | 1 4 8 |  8.4
Short Blades   | 1 |  1.3

Action                   |  1- 3 |  4- 6 |  7- 9 | 10-12 | 13-15 || total
-------------------------+-------+-------+-------+-------+-------++-------
Melee: Mace              |    67 |    90 |   257 |       |       ||   414
       Headbutt          |    13 |    14 |    58 |   153 |    14 ||   252
       Trident           |       |       |    88 |    17 |    36 ||   141
       Hand axe          |       |       |    19 |   227 |       ||   246
       Flail             |       |       |       |    86 |       ||    86
       Great mace        |       |       |       |   232 |    19 ||   251
       Short sword       |       |       |       |    18 |       ||    18
       Bardiche          |       |       |       |    27 |       ||    27
Throw: Dart              |       |     6 |       |       |       ||     6
       Javelin           |       |       |     3 |     4 |       ||     7
       Boomerang         |       |       |       |    26 |       ||    26
Invok: Trog's Hand       |       |       |     1 |     1 |     1 ||     3
       Berserk           |       |       |     1 |       |       ||     1
       Brothers in Arms  |       |       |       |     2 |     1 ||     3
Evoke: Wand              |       |     7 |       |     4 |       ||    11
       Box of beasts     |       |       |       |     1 |       ||     1
  Use: Scroll            |     6 |       |     5 |    14 |     2 ||    27
       Potion            |       |     8 |     3 |     8 |     3 ||    22
 Stab: Sleeping          |     1 |       |       |       |       ||     1
       Distracted        |       |       |       |     1 |       ||     1
  Eat: Chunk             |     2 |     6 |     7 |    15 |       ||    30
       Ration            |       |       |     3 |     2 |     1 ||     6
Armor: Animal skin       |    10 |    14 |     1 |       |       ||    25
       Skin              |       |    76 |    27 |     7 |       ||   110
       Leather armour    |       |       |    30 |       |       ||    30
       Scale mail        |       |       |    59 |       |       ||    59
       Ring mail         |       |       |    11 |       |       ||    11
       Chain mail        |       |       |    12 |    60 |       ||    72
       Plate armour      |       |       |       |    60 |       ||    60
       Troll leather arm |       |       |       |   138 |    31 ||   169
Dodge: Dodged            |    48 |    50 |   198 |   523 |    64 ||   883
Block: Other             |       |    16 |    36 |   107 |    21 ||   180
       Reflection        |       |       |       |     9 |     2 ||    11
